 Dungeon Crawl Stone Soup version 0.21-a0-536-gdbbf329 (webtiles) character file.

2795 kae the Martial Artist (level 9, 0/75 HPs)
             Began as a White Draconian Transmuter on Dec 14, 2017.
             Succumbed to a killer bee's poison
             ... on level 7 of the Dungeon.
             The game lasted 00:09:39 (7069 turns).

kae the Martial Artist (White Draconian Transmuter) Turns: 7069, Time: 00:09:40

Health: 0/75       AC:  6    Str: 18    XL:     9   Next: 43%
Magic:  16/16      EV: 15    Int: 13    God:
Gold:   364        SH:  0    Dex: 14    Spells: 12/18 levels left

rFire    . . .     SeeInvis .   b - +4 scimitar (elec)
rCold    + . .     Gourm    .   (no shield)
rNeg     . . .     Faith    .   (armour unavailable)
rPois    +         Spirit   .   (helmet restricted)
rElec    .         Reflect  .   y - +2 cloak
rCorr    .         Harm     .   (no gloves)
MR       .....                  (no boots)
Stlth    +.........             n - amulet of magic regeneration
HPRegen  0.22/turn              u - +4 ring of strength
MPRegen  0.40/turn              s - ring of poison resistance

@: lethally poisoned (0 -> -2), corroded
A: breathe frost, unfitting armour, cold resistance 1, cold-blooded, AC +7
a: Breathe Frost


You were on level 7 of the Dungeon.
You were not hungry.

You visited 1 branch of the dungeon, and saw 9 of its levels.
You also visited: Ossuary.

You collected 364 gold pieces.

Inventory:

Hand Weapons
 a - a +2 falchion of flaming
 b - a +4 scimitar of electrocution (weapon)
 e - a +0 club
Missiles
 f - 201 stones (quivered)
 k - 82 arrows
Armour
 y - a +2 cloak (worn)
Jewellery
 n - an amulet of magic regeneration (around neck)
 s - a ring of poison resistance (right hand)
 u - a +4 ring of strength (left hand)
 J - an uncursed ring of protection from cold
 K - a +1 ring of protection
Wands
 l - a wand of random effects (60)
 m - a wand of flame (29)
Scrolls
 t - 2 scrolls of fear
 v - a scroll of amnesia
 w - 4 scrolls of teleportation
 D - 4 scrolls of remove curse
 F - a scroll of enchant weapon
Potions
 g - a potion of magic
 h - a potion of heal wounds
 i - 5 potions of curing
 o - a potion of agility {unknown}
 p - 2 potions of cancellation
 q - a potion of brilliance {unknown}
 z - a potion of ambrosia {unknown}
 B - 2 potions of degeneration {unknown}
 E - a potion of haste {unknown}
 H - a potion of might
 I - 2 potions of invisibility {unknown}
Books
 A - a book of Changes

   Spells                             Type                      Level
   a - Beastly Appendage              Transmutation                1
   b - Sticks to Snakes               Transmutation                2
   c - Spider Form                    Transmutation/Poison         3
   d - Ice Form                       Ice/Transmutation            4
   e - Blade Hands                    Transmutation                5
Comestibles
 c - 5 bread rations
 d - 5 royal jellies
 r - 2 meat rations
 x - 4 fruits


   Skills:
 + Level 5.7 Fighting
 + Level 5.1 Dodging
 * Level 8.2 Unarmed Combat
 + Level 5.0 Spellcasting
 + Level 5.7 Transmutations


You had 12 spell levels left.
You knew the following spells:

 Your Spells              Type           Power        Failure   Level  Hunger
a - Beastly Appendage     Tmut           ###...       1%          1    None
b - Sticks to Snakes      Tmut           ###.....     2%          2    ##.....
c - Spider Form           Tmut/Pois      ##........   17%         3    ###....


Dungeon Overview and Level Annotations

Branches:
Dungeon (9/15)
 Temple: D:4-7         Lair: D:8-11         Orc: D:9-12

Altars:
Ashenzari
Gozag
Kikubaaqudgha
Nemelex Xobeh
Vehumet
Xom
Yredelemnul

Shops:
D:5 %   D:6 %


Innate Abilities, Weirdness & Mutations

You can breathe waves of freezing cold.
You can buffet flying creatures when you breathe cold.
Your icy white scales are hard. (AC +7)
You cannot fit into any form of body armour.
Your flesh is cold resistant. (rC+)
You are cold-blooded and may be slowed by cold attacks.


Message History

Your horns disappear.
You feel sick.
The killer bee closely misses you. x2; You riposte.
You slash the killer bee!
Your tail-slap misses the killer bee.
The killer bee is heavily wounded.
The killer bee completely misses you.
You riposte.
You hit the killer bee.
The killer bee is severely wounded.
You slash the killer bee!
You kill the killer bee!
You feel sick.
You slash the jelly!
Your hands burn!
* * * LOW HITPOINT WARNING * * *
The jelly is almost dead.
You feel sick. The jelly barely misses you.
The jelly hits you but does no damage.
You hit the jelly.
You kill the jelly!
You hit the jelly. The acid corrodes you!
Your hands burn!
* * * LOW HITPOINT WARNING * * *
The jelly is lightly wounded.
You die...

#.# #.# #.# #.# #.#
#### ##### #.# .....
#...########.#
......##...(........#
......J@...##########
############


You could see a jelly.

Vanquished Creatures
  A hippogriff (D:7)
  Menkaure (D:5)
  2 orc warriors
  2 ice beasts
  An ogre (D:5)
  2 phantoms
  An elf zombie (Ossuary)
  Blork the orc (D:4)
  A gnoll sergeant (D:9)
  2 scorpions (D:5)
  5 killer bees (D:7)
  A howler monkey (D:5)
  6 crimson imps
  A jelly (D:7)
  A quasit (D:5)
  A bullfrog zombie (D:5)
  A centaur zombie (Ossuary)
  3 human zombies (Ossuary)
  3 orc priests
  6 orc wizards
  Crazy Yiuf (D:3)
  A bullfrog skeleton (D:7)
  A hound (D:5)
  Jessica (D:3)
  Ijyb (D:3)
  3 worker ants
  A hound zombie (D:6)
  2 hound skeletons
  2 mummies (Ossuary)
  11 gnolls
  10 adders
  A shadow imp (D:9)
  An ooze (D:1)
  An adder zombie (Ossuary)
  An adder skeleton (D:4)
  3 worms
  2 dart slugs
  4 leopard geckos
  13 orcs
  3 giant cockroaches
  7 goblins
  8 hobgoblins
  A jackal (D:1)
  7 quokkas
  7 bats
  4 frilled lizards
  8 hobgoblin zombies (Ossuary)
  A jackal zombie (Ossuary)
  12 kobolds
  7 kobold zombies (Ossuary)
  13 orc zombies (Ossuary)
  5 rats
  2 rat zombies (Ossuary)
187 creatures vanquished.

Vanquished Creatures (collateral kills)
  An ogre (D:4)
  A kobold (D:2)
2 creatures vanquished.

Grand Total: 189 creatures vanquished

Notes
Turn   | Place    | Note
-------+----------+-------------------------------------------
     0 | D:1      | kae the Draconian Transmuter began the quest for the Orb.
     0 | D:1      | Reached XP level 1. HP: 16/16 MP: 3/3
   169 | D:1      | Reached XP level 2. HP: 23/23 MP: 3/5
   957 | D:1      | Reached XP level 3. HP: 27/28 MP: 4/6
  1003 | D:2      | Learned a level 2 spell: Sticks to Snakes
  1007 | D:2      | Learned a level 3 spell: Spider Form
  1294 | D:2      | Found an opulent altar of Gozag.
  2347 | D:3      | Reached XP level 4. HP: 33/36 MP: 5/7
  2372 | D:3      | Noticed Ijyb
  2501 | D:3      | Killed Ijyb
  2565 | D:3      | Reached skill level 4 in Unarmed Combat
  2598 | D:3      | Noticed Jessica
  2609 | D:3      | Killed Jessica
  2609 | D:3      | Reached XP level 5. HP: 33/41 MP: 3/8
  2807 | D:3      | Found a runed door.
  2945 | D:3      | Found a faded altar of an unknown god.
  3227 | D:3      | Noticed Crazy Yiuf
  3235 | D:3      | Killed Crazy Yiuf
  3410 | D:4      | Found a sparkling altar of Nemelex Xobeh.
  3538 | D:4      | Found an ancient bone altar of Kikubaaqudgha.
  3630 | D:4      | Found a shimmering altar of Xom.
  3732 | D:4      | Reached XP level 6. HP: 50/50 MP: 10/10
  3981 | D:4      | Noticed Blork the orc
  3992 | D:4      | Killed Blork the orc
  3992 | D:4      | Reached skill level 5 in Unarmed Combat
  4314 | D:5      | Entered Level 5 of the Dungeon
  4335 | D:5      | Your scales start taking on an icy white colour.
  4335 | D:5      | Reached XP level 7. HP: 43/57 MP: 11/11
  4335 | D:5      | Gained mutation: Your flesh is cold resistant. (rC+) [White Draconian growth]
  4469 | D:5      | Found Anirph's Food Shoppe.
  4481 | D:5      | Found a sand-covered staircase.
  4486 | Ossuary  | Entered an ossuary
  4986 | D:5      | Noticed Menkaure
  4990 | D:5      | Killed Menkaure
  4990 | D:5      | Reached skill level 6 in Unarmed Combat
  5027 | D:5      | Reached XP level 8. HP: 40/66 MP: 13/13
  5490 | D:6      | You fall through a shaft for 3 floors!
  5639 | D:9      | Reached skill level 7 in Unarmed Combat
  5897 | D:8      | Noticed a two-headed ogre
  6055 | D:6      | Reached skill level 5 in Transmutations
  6058 | D:6      | Reached skill level 5 in Fighting
  6095 | D:6      | Found Aposhu's Food Shoppe.
  6155 | D:6      | Found a radiant altar of Vehumet.
  6156 | D:6      | Found a basalt altar of Yredelemnul.
  6651 | D:6      | Found a shattered altar of Ashenzari.
  6736 | D:7      | Reached XP level 9. HP: 74/74 MP: 15/15
  7050 | D:7      | Reached skill level 8 in Unarmed Combat
  7050 | D:7      | Reached skill level 5 in Dodging
  7057 | D:7      | Reached skill level 5 in Spellcasting
  7069 | D:7      | HP: 1/75 [acid (5)]
  7069 | D:7      | Succumbed to a killer bee's poison

Vault maps used:
D:1:      dpeg_arrival_solitude, palyth_stone_intersect, minmay_tripent
D:2:      old_standard_altar
D:3:      chequers_ecumenical_altar_lobes, uniq_ijyb, uniq_crazy_yiuf_cottage,
          uniq_jessica
D:4:      old_standard_altar, lemuel_round_altar, led_xom_imps,
          uniq_blork_the_orc
D:5:      first_bread, enter_ossuary_2, serial_shops, shop_statue, uniq_menkaure
D:6:      overflow_temple_1_default, gammafunk_temple_overflow_statue,
          serial_shops, shop
D:7:      minmay_temple_entry_poolview, minmay_crystal_water
D:8:      enter_bailey_2
D:9:      lair_entry_dummy, dk_vineyard_1
Ossuary:  ossuary_tomb_1

Skill      XL: |  1  2  3  4  5  6  7  8  9 |
---------------+----------------------------+-----
Dodging        | 2 3 4 5 |  5.1
Fighting       | 2 3 4 5 |  5.7
Unarmed Combat | 4 5 6 7 8 |  8.2
Transmutations | 3 4 5 |  5.7
Spellcasting   | 3 4 5 |  5.0

Action                   |  1- 3 |  4- 6 |  7- 9 || total
-------------------------+-------+-------+-------++-------
Melee: Unarmed           |    22 |    32 |     3 ||    57
       Club              |    82 |       |       ||    82
       Tailslap          |    10 |    15 |    38 ||    63
       Headbutt          |     9 |     2 |     6 ||    17
       Kick              |     3 |     2 |     1 ||     6
       Falchion          |    20 |   105 |    19 ||   144
       Scimitar          |       |       |   246 ||   246
       Punch             |       |       |    11 ||    11
Throw: Stone             |     3 |     2 |       ||     5
 Cast: Beastly Appendage |    13 |     5 |     3 ||    21
       Sticks to Snakes  |     1 |     4 |     3 ||     8
       Spider Form       |       |     5 |     1 ||     6
 Abil: Breathe Frost     |       |       |     1 ||     1
  Use: Scroll            |     3 |     5 |     5 ||    13
       Potion            |       |       |     4 ||     4
 Stab: Sleeping          |     2 |     1 |       ||     3
  Eat: Chunk             |     5 |     7 |    10 ||    22
       Fruit             |       |       |     1 ||     1
Armor: Skin              |    52 |    39 |   132 ||   223
Dodge: Dodged            |   109 |   111 |   269 ||   489
       Rpst.: Falchion   |     5 |    32 |     7 ||    44
       Scimitar          |       |       |    63 ||    63

Table legend:
 A = Spawn XP
 B = Non-spawn XP
 C = Spawn XP percentage of total XP
 D = Spawn monster count
 E = Non-spawn monster count
 F = Spawn count percentage of total count
 G = Total turns spent on level
                    A         B        C        D         E        F      G
               +---------+---------+-------+---------+---------+-------+---------
         Total |       0 |    3993 |   0.0 |       0 |     189 |   0.0 |  7069
               +---------+---------+-------+---------+---------+-------+---------
           D:1 |       0 |      46 |   0.0 |       0 |      23 |   0.0 |  1220
           D:2 |       0 |      44 |   0.0 |       0 |      14 |   0.0 |  1218
           D:3 |       0 |     205 |   0.0 |       0 |      29 |   0.0 |   940
           D:4 |       0 |     358 |   0.0 |       0 |      15 |   0.0 |   936
           D:5 |       0 |    1098 |   0.0 |       0 |      21 |   0.0 |   661
           D:6 |       0 |     526 |   0.0 |       0 |      20 |   0.0 |   798
           D:7 |       0 |    1226 |   0.0 |       0 |      22 |   0.0 |   390
           D:9 |       0 |     157 |   0.0 |       0 |       6 |   0.0 |   407
       Ossuary |       0 |     333 |   0.0 |       0 |      39 |   0.0 |   492
               +---------+---------+-------+---------+---------+-------+---------
